 Dungeon Crawl Stone Soup version 0.28.0 (webtiles) character file.

Game seed: 16476158170671195371

76167 BALLS the Fighter (level 15, -3/88 HPs)
             Began as a Vine Stalker Fighter on Feb 28, 2022.
             Was the Champion of Okawaru.
             Slain by a culicivora (8 damage)
             ... on level 4 of the Lair of Beasts.
             The game lasted 00:56:15 (19358 turns).

BALLS the Fighter (Vine Stalker Fighter)           Turns: 19358, Time: 00:56:16

Health: -3/88      AC: 21    Str: 29    XL:     15   Next: 52%
Magic:  0/19       EV: 13    Int:  8    God:    Okawaru [******]
Gold:   1253       SH: 11    Dex: 15    Spells: 14/14 levels left

rFire   + . .      SeeInvis +   b - +6 eveningstar of Xigirraf {vorpal, rPois SInv}
rCold   . . .      Faith    .   J - +0 kite shield
rNeg    . . .      Spirit   +   N - +6 scale mail of Truth {Str+4}
rPois   +          Reflect  .   q - +2 helmet
rElec   .          Harm     .   v - +0 cloak {rCorr}
rCorr   +          Rampage  .   z - +0 pair of gloves
Will    +....                   (no boots)
Stlth   ..........              y - amulet of regeneration
HPRegen 1.84/turn               w - ring of protection from fire
MPRegen 0.16/turn               M - +4 ring of evasion

@: about to teleport, studying Polearms
A: fangs 3, regeneration 1, magic shield, antimagic bite, no potion heal 2
a: Renounce Religion, Heroism, Finesse, Duel


You were on level 4 of the Lair of Beasts.
You worshipped Okawaru.
Okawaru was exalted by your worship.
You visited 5 branches of the dungeon, and saw 22 of its levels.
You visited the Abyss 1 time.

You collected 2203 gold pieces.
You spent 950 gold pieces at shops.

Inventory:

Hand Weapons
 a - a +4 scimitar of flaming
 b - the +6 eveningstar of Xigirraf (weapon) {vorpal, rPois SInv}
   (You bought it in a shop on level 5 of the Dungeon)

   It inflicts extra damage upon your enemies.
   rPois:     It protects you from poison.
   SInv:      It lets you see invisible.
 K - the +8 mace of Keceho {flame, Will++}
   (You found it on level 8 of the Dungeon)

   It burns those it strikes, dealing additional fire damage.
   Will:      It greatly increases your willpower.
 R - the +12 short sword of Jezann {pain, Int+4}
   (You found it on level 2 of the Dungeon)

   In the hands of one skilled in necromantic magic, it inflicts extra damage on
   living creatures.
   Int:       It affects your intelligence (+4).
Missiles
 D - 4 throwing nets (quivered)
Armour
 i - a scarf of repulsion
 q - a +2 helmet (worn)
 v - a +0 cloak of preservation (worn)
 z - a +0 pair of gloves (worn)
 J - a +0 kite shield (worn)
 N - the +6 scale mail of Truth (worn) {Str+4}
   (Okawaru gifted it to you on level 9 of the Dungeon)

   Str:       It affects your strength (+4).
 S - the +3 plate armour "Omi Xik" {rC++}
   (Okawaru gifted it to you on level 9 of the Dungeon)

   rC:        It greatly protects you from cold.
Jewellery
 w - a ring of protection from fire (left hand)
 y - an amulet of regeneration (around neck)
 F - a ring of poison resistance
 M - a +4 ring of evasion (right hand)
 Q - a ring of positive energy
 W - a +6 ring of strength
 X - the amulet of the Sparrow {Faith Will+ Slay+2}
   (You found it on level 1 of the Orcish Mines)

   [amulet of faith]

   It allows you to gain divine favour quickly.
   Slay:      It affects your accuracy & damage with ranged weapons and melee
   (+2).
   Will:      It increases your willpower.
Wands
 h - a wand of paralysis (23)
 m - a wand of digging (3)
 s - a wand of flame (40)
 G - a wand of acid (2)
 L - a wand of mindburst (9)
 P - a wand of iceblast (15)
Scrolls
 c - 7 scrolls of teleportation
 f - 2 scrolls of immolation
 g - 3 scrolls of fear
 p - 5 scrolls of amnesia
 u - 5 scrolls of vulnerability
 x - 2 scrolls of noise {unknown}
 A - a scroll of acquirement {unknown}
 B - 2 scrolls of brand weapon {unknown}
 E - 3 scrolls of fog
 H - 3 scrolls of holy word {unknown}
 O - a scroll of enchant armour {unknown}
 T - a scroll of silence {unknown}
 U - a scroll of magic mapping {unknown}
Potions
 d - 3 potions of degeneration {unknown}
 e - 2 potions of mutation {unknown}
 j - 3 potions of magic
 k - a potion of might
 l - 2 potions of brilliance {unknown}
 n - a potion of invisibility {unknown}
 o - 6 potions of curing
 t - 3 potions of lignification {unknown}
 C - a potion of haste
 I - 4 potions of ambrosia {unknown}
 V - a potion of attraction {unknown}


   Skills:
 + Level 14.3 Fighting
 - Level 7.0 Long Blades
 - Level 13.3 Maces & Flails
 - Level 10.0 Armour
 - Level 10.0 Shields
 - Level 5.0 Invocations


You had 14 spell levels left.
You didn't know any spells.
Your spell library contained the following spells:

 Spells                   Type           Power      Damage    Failure   Level
 Apportation              Tloc           0%         N/A       88%         1
 Beastly Appendage        Tmut           0%         N/A       88%         1
 Pain                     Necr           0%         1d4       88%         1
 Sandblast                Erth           0%         2d4       88%         1
 Passwall                 Tmut/Erth      0%         N/A       95%         2
 Sublimation of Blood     Necr           0%         N/A       95%         2
 Wereblood                Tmut           0%         N/A       95%         2
 Frozen Ramparts          Ice            0%         1d2       99%         3
 Portal Projectile        Hex/Tloc       0%         N/A       99%         3
 Spider Form              Tmut/Pois      0%         N/A       99%         3
 Stone Arrow              Conj/Erth      0%         3d7       99%         3
 Vampiric Draining        Necr           0%         2d6       99%         3
 Ice Form                 Ice/Tmut       0%         N/A       100%        4
 Petrify                  Tmut/Erth      0%         N/A       100%        4
 Alistair's Intoxication  Tmut/Pois      0%         N/A       100%        5
 Blade Hands              Tmut           0%         N/A       100%        5
 Excruciating Wounds      Necr           0%         N/A       100%        5
 Fireball                 Conj/Fire      0%         3d3       100%        5
 Irradiate                Conj/Tmut      0%         3d13      100%        5
 Dispersal                Tloc           0%         N/A       100%        6
 Iron Shot                Conj/Erth      0%         9d1       100%        6
 Starburst                Conj/Fire      0%         6d3       100%        6
 Disjunction              Tloc           0%         N/A       100%        8
 Ignition                 Fire           0%         3d3       100%        8
 Animate Skeleton         Necr           Unusable   N/A       N/A         1
 Animate Armour           Summ/Erth      Unusable   N/A       N/A         4
 Summon Ice Beast         Ice/Summ       Unusable   N/A       N/A         4

Dungeon Overview and Level Annotations

Branches:
Dungeon (12/15)            Temple (1/1) D:4            Lair (6/6) D:9
  Swamp (0/4) Lair:2       Spider (1/4) Lair:4        Slime (0/5) Lair:6
    Orc (2/2) D:11            Elf (0/3) Orc:2

Altars:
Ashenzari
Cheibriados
Dithmenos
Elyvilon
Fedhas
Gozag
Hepliaklqana
Kikubaaqudgha
Makhleb
Nemelex Xobeh
Okawaru
Qazlal
Ru
Sif Muna
Trog
Uskayaw
Vehumet
Wu Jian
Xom
Yredelemnul
Zin
The Shining One
Beogh
Lugonu

Shops:
D:5 *   D:6 *   D:7 (   D:10 !*   Orc:2 [[(:

Portals:
Abyss: Lair:6


Innate Abilities, Weirdness & Mutations

You have razor-sharp teeth.
Your natural rate of healing is unusually fast.
When hurt, damage is shared between your health and your magic reserves.
Your bite disrupts and absorbs the magic of your enemies.
Potions cannot restore your health.


Message History

The culicivora bites you.
The culicivora draws strength from your injuries!
The tarantella touches you but does no damage.
The culicivora closely misses you. The culicivora bites you!!
The culicivora draws strength from your injuries!
The moth of wrath bites you! The tarantella closely misses you.
The culicivora bites you.
The culicivora draws strength from your injuries!
It was a potion of curing.
Your system rejects the healing.
You feel better. You block the culicivora's attack.
The tarantella touches you but does no damage.
The culicivora bites you.
The culicivora draws strength from your injuries!
The moth of wrath goads the culicivora on!
The culicivora goes berserk!
The tarantella touches you but does no damage.
The culicivora bites you!
* * * LOW HITPOINT WARNING * * *
The culicivora draws strength from your injuries!
The culicivora rages.
The culicivora bites you!
* * * LOW HITPOINT WARNING * * *
The culicivora draws strength from your injuries!
The tarantella closely misses you. You block the moth of wrath's attack.
The culicivora bites you but does no damage.
The tarantella touches you but does no damage.
As you read the scroll of teleportation, it crumbles to dust.
You feel strangely unstable.
The culicivora rages.
You block the culicivora's attack.
The tarantella touches you but does no damage.
The moth of wrath bites you but does no damage.
The culicivora bites you.
* * * LOW HITPOINT WARNING * * *
The culicivora draws strength from your injuries!
The tarantella touches you!
* * * LOW HITPOINT WARNING * * *
The moth of wrath bites you but does no damage.
The culicivora bites you!
You die...

##.#.###.#.#####....## #..###
##### ##...... ########..##
##....... ##.#..#P#...######
#....###. #
#.........#†...#P#####..### #.
####.....P##...#...........# #.
..<.......##########P#..#..#####.
P.#P.....####..s#######..#.#.##..
........##..'.sy@.# ##..##....†..
.....##.##..≈..s≈†###.#.###.#....
......#.###^≈≈≈≈≈..##...####...##
........###.^≈≈#≈.###.#..#.##.#.#
..).#....^#.^..^#.###...#........
......#...#^..#..^##.....#..##.P.
#.P#..#...#.}.##..#.....#..#####.
..###...........#...#..##..## #.
#..#.....#.....^...^....#...####.


You could see a moth of wrath, 2 culicivoras and a tarantella (berserk).

Vanquished Creatures
  Rupert (Lair:3)
  A tentacled starspawn (Abyss:1)
  An orc warlord (Orc:2)
  7 hydras
  Harold (D:7)
  2 ogre magi (Orc:1)
  2 centaur warriors (D:9)
  3 boulder beetles
  7 two-headed ogres
  6 thrashing horrors
  An orc high priest (Orc:2)
  Sonja (Lair:4)
  A wretched star (Abyss:1)
  A pharaoh ant (Lair:4)
  A swamp dragon (Lair:2)
  2 shadow demons (Abyss:3)
  An orb spider (Lair:4)
  A lindwurm (Lair:3)
  A steelbarb worm (Lair:4)
  Pikel (D:7)
  An orc knight (Orc:2)
  A wolf spider (Lair:4)
  3 ugly things
  2 cyclopes
  2 orc sorcerers
  An apocalypse crab (Abyss:1)
  10 elephants (Lair:3)
  A centaur zombie (D:10)
  A smoke demon (Lair:6)
  3 black mambas
  9 cane toads
  A gargoyle (D:11)
  An efreet (D:9)
  8 komodo dragons
  4 rime drakes
  An unseen horror (D:10)
  A demonic crawler (Lair:4)
  An ancient zyme (Lair:6)
  A meliai (shapeshifter) (Lair:6)
  2 trolls
  3 polar bears
  A raiju (shapeshifter) (Lair:6)
  3 hornets (Orc:1)
  4 slime creatures (D:11)
  3 tarantellas (Lair:4)
  12 dream sheep (Lair:6)
  Grinder (D:3)
  3 raiju (Abyss:3)
  26 blink frogs
  A meliai zombie (D:11)
  2 shadows (D:11)
  A jumping spider (Lair:4)
  3 spriggans
  4 wraiths
  5 culicivoras
  57 yaks
  10 basilisks
  3 large abominations
  3 wyverns
  4 ynoxinuls (Lair:6)
  A basilisk (shapeshifter) (Lair:6)
  4 hogs (D:10)
  A human (D:10)
  A steam dragon (D:9)
  6 redbacks
  Edmund (D:6)
  Menkaure (D:4)
  A warg (D:11)
  11 water moccasins
  Duvessa (D:7)
  2 floating eyes (Orc:1)
  31 orc warriors
  4 sky beasts
  4 black bears
  An ice beast (D:5)
  A boggart (D:9)
  3 ogres
  25 wolves
  5 centaurs
  A lemure (D:7)
  12 small abominations
  A phantom (D:4)
  3 kobold brigands
  8 bullfrogs
  A gnoll sergeant (D:9)
  4 scorpions
  Dowan (D:7)
  8 wights (D:9)
  30 killer bees
  5 howler monkeys
  A howler monkey (shapeshifter) (Lair:6)
  A bullfrog zombie (D:5)
  6 jellies
  Crazy Yiuf (D:3)
  2 centaur skeletons
  20 orc priests
  2 hounds
  3 bullfrog skeletons
  4 gnoll shamans
  Terence (D:2)
  Natasha (thrice) (D:3)
  4 iguanas
  27 orc wizards
  A hound skeleton (D:5)
  3 howler monkey zombies
  Robin (D:2)
  18 gnolls
  5 adders
  2 shadow imps
  2 white imps
  A worm (D:6)
  A dart slug (D:3)
  72 orcs
  3 ball pythons
  14 endoplasms
  A giant cockroach (D:3)
  10 goblins
  12 hobgoblins
  4 quokkas
  2 bats (D:1)
  A frilled lizard (D:1)
  A jackal skeleton (D:4)
  24 kobolds
  4 rats
  A starspawn tentacle (Abyss:1)
681 creatures vanquished.

Vanquished Creatures (others)
  An orc wizard (Orc:2)
  11 fungi
  6 plants
  5 starspawn tentacles (Abyss:1)
  11 toadstools
34 creatures vanquished.

Grand Total: 715 creatures vanquished

Notes
Turn   | Place    | Note
-------+----------+-------------------------------------------
     0 | D:1      | BALLS the Vine Stalker Fighter began the quest for the Orb.
     0 | D:1      | Reached XP level 1. HP: 11/11 MP: 2/2
   251 | D:1      | Reached XP level 2. HP: 16/16 MP: 3/3
   936 | D:2      | Reached XP level 3. HP: 19/19 MP: 4/4
  1027 | D:2      | Identified the +12 short sword of Jezann {pain, Int+4}
  1503 | D:2      | Noticed Terence
  1511 | D:2      | Killed Terence
  1512 | D:2      | Gained mutation: Your natural rate of healing is unusually
                  | fast. [Vine Stalker growth]
  1512 | D:2      | Reached XP level 4. HP: 14/23 MP: 2/5
  1935 | D:2      | Reached XP level 5. HP: 26/27 MP: 6/6
  1948 | D:2      | Reached skill level 5 in Long Blades
  2184 | D:2      | Noticed Robin
  2202 | D:2      | Killed Robin
  2442 | D:3      | Reached XP level 6. HP: 32/32 MP: 7/7
  2512 | D:3      | Noticed Natasha
  2514 | D:3      | Killed Natasha
  2538 | D:3      | Noticed Natasha
  2541 | D:3      | Killed Natasha
  2644 | D:3      | Noticed Natasha
  2649 | D:3      | Killed Natasha
  2701 | D:3      | Found a faded altar of an unknown god.
  2800 | D:3      | Noticed Grinder
  2814 | D:3      | Paralysed by Grinder for 5 turns
  2822 | D:3      | Paralysed by Grinder for 2 turns
  2837 | D:3      | Killed Grinder
  2838 | D:3      | Reached XP level 7. HP: 35/35 MP: 5/8
  2908 | D:3      | Found a runed translucent door.
  2909 | D:3      | Noticed Crazy Yiuf
  2914 | D:3      | Killed Crazy Yiuf
  3038 | D:4      | Reached skill level 3 in Fighting
  3245 | D:4      | Reached skill level 4 in Fighting
  3264 | D:4      | Found a hide-covered altar of Uskayaw.
  3269 | D:4      | Noticed Menkaure
  3283 | D:4      | Killed Menkaure
  3327 | D:4      | Found a staircase to the Ecumenical Temple.
  3334 | Temple   | Entered the Ecumenical Temple
  3355 | Temple   | Became a worshipper of Warmaster Okawaru
  3477 | D:4      | Found a shimmering altar of Xom.
  3597 | D:5      | Entered Level 5 of the Dungeon
  3666 | D:5      | Found Uxzaduur's Mayhem Merchandise.
  3710 | D:5      | Reached skill level 5 in Fighting
  3710 | D:5      | Reached skill level 1 in Invocations
  3710 | D:5      | Gained mutation: You have razor-sharp teeth. [Vine Stalker
                  | growth]
  3710 | D:5      | Reached XP level 8. HP: 43/43 MP: 8/10
  3987 | D:5      | Reached * piety under Okawaru
  3988 | D:5      | Reached skill level 5 in Invocations
  4000 | D:5      | Found a bloodstained altar of Trog.
  4124 | D:5      | Found a radiant altar of Vehumet.
  4127 | D:5      | Found a shimmering blue altar of Sif Muna.
  4410 | D:6      | Found a snail-covered altar of Cheibriados.
  4640 | D:6      | Noticed Edmund
  4656 | D:6      | Killed Edmund
  4657 | D:6      | Reached skill level 5 in Shields
  4657 | D:6      | Reached XP level 9. HP: 25/47 MP: 9/13
  4727 | D:6      | Found Cyco's Overcharged Wands.
  5141 | D:6      | Reached ** piety under Okawaru
  5369 | D:7      | Noticed Duvessa
  5369 | D:7      | Noticed Dowan
  5545 | D:7      | Reached skill level 5 in Armour
  5566 | D:7      | Found a basalt altar of Yredelemnul.
  5567 | D:7      | Noticed Harold
  5595 | D:7      | Killed Harold
  5596 | D:7      | Reached skill level 6 in Fighting
  5658 | D:7      | Killed Duvessa
  5659 | D:7      | Reached skill level 7 in Fighting
  5687 | D:7      | Killed Dowan
  5687 | D:7      | Reached *** piety under Okawaru
  5746 | D:7      | Reached XP level 10. HP: 55/55 MP: 14/14
  5921 | D:7      | Noticed Pikel
  5931 | D:7      | Found Joreem's Antique Weapon Shoppe.
  5954 | D:7      | Killed Pikel
  5955 | D:7      | Reached skill level 8 in Fighting
  6223 | D:8      | Identified the +8 mace of Keceho {flame, Will++}
  6370 | D:8      | Reached skill level 1 in Maces & Flails
  6406 | D:8      | Found a broken altar of Ashenzari.
  6407 | D:8      | Found a sacrificial altar of Ru.
  6473 | D:8      | Noticed a boulder beetle
  6622 | D:7      | Reached **** piety under Okawaru
  6967 | D:9      | Reached skill level 5 in Maces & Flails
  7043 | D:9      | Noticed a red ugly thing
  7204 | D:9      | Noticed a boulder beetle
  7226 | D:9      | Killed a boulder beetle
  7226 | D:9      | Reached ***** piety under Okawaru
  7227 | D:9      | Reached XP level 11. HP: 31/60 MP: 7/15
  7338 | D:9      | Identified the +6 scale mail of Truth {Str+4} (Okawaru
                  | gifted it to you on level 9 of the Dungeon)
  7338 | D:9      | Received a gift from Okawaru
  7607 | D:9      | Killed a red ugly thing
  7636 | D:9      | Noticed a two-headed ogre
  7643 | D:9      | Killed a two-headed ogre
  7644 | D:9      | Reached skill level 10 in Maces & Flails
  7660 | D:9      | Reached skill level 9 in Fighting
  7682 | D:9      | Found a staircase to the Lair.
  7697 | D:9      | Found a sparkling altar of Nemelex Xobeh.
  7818 | D:9      | Noticed a centaur warrior
  7825 | D:9      | Killed a centaur warrior
  7931 | D:9      | Noticed a cyclops
  7942 | D:9      | Killed a cyclops
  8060 | D:9      | Noticed a two-headed ogre
  8076 | D:9      | Killed a two-headed ogre
  8077 | D:9      | Reached skill level 10 in Fighting
  8186 | D:9      | Noticed a centaur warrior
  8199 | D:9      | Killed a centaur warrior
  8199 | D:9      | Identified the +3 plate armour "Omi Xik" {rC++} (Okawaru
                  | gifted it to you on level 9 of the Dungeon)
  8199 | D:9      | Received a gift from Okawaru
  8200 | D:9      | Reached XP level 12. HP: 62/68 MP: 16/16
  8226 | D:10     | Entered Level 10 of the Dungeon
  8226 | D:10     | Found Qeut's Assorted Antiques.
  8249 | D:10     | Noticed a two-headed ogre
  8271 | D:10     | Killed a two-headed ogre
  8333 | D:10     | Found Kiperol's Distillery.
  8950 | D:11     | Noticed a two-headed ogre
  8957 | D:11     | Killed a two-headed ogre
  8982 | D:11     | Noticed a boulder beetle
  9006 | D:11     | Killed a boulder beetle
  9136 | D:11     | Noticed a two-headed ogre
  9144 | D:11     | Killed a two-headed ogre
  9148 | D:11     | Received a gift from Okawaru
  9225 | D:11     | Found a staircase to the Orcish Mines.
  9409 | D:11     | Noticed a two-headed ogre
  9416 | D:11     | Killed a two-headed ogre
  9441 | D:11     | Noticed a two-headed ogre
  9451 | D:11     | Killed a two-headed ogre
  9504 | D:11     | Noticed a six-headed hydra
  9511 | D:11     | Killed a three-headed hydra
  9710 | D:11     | Reached XP level 13. HP: 72/72 MP: 17/17
  9810 | Lair:1   | Entered Level 1 of the Lair of Beasts
  9849 | D:9      | Reached skill level 11 in Fighting
 10580 | Lair:1   | Reached skill level 12 in Fighting
 11204 | Lair:2   | Received a gift from Okawaru
 11226 | Lair:2   | Found a staircase to the Swamp.
 11554 | Lair:2   | Identified the +8 scimitar of the Seven Geomancers {vorpal,
                  | rC- rCorr Int+3} (Okawaru gifted it to you on level 2 of
                  | the Lair of Beasts)
 11554 | Lair:2   | Received a gift from Okawaru
 11962 | D:5      | Bought the +6 eveningstar of Xigirraf {vorpal, rPois SInv}
                  | for 950 gold pieces
 12331 | Lair:3   | Noticed Rupert
 12341 | Lair:3   | Killed Rupert
 12341 | Lair:3   | Reached ****** piety under Okawaru
 12490 | Lair:3   | Identified the +0 kite shield of Analysis {rN+ Will- Int+2}
                  | (Okawaru gifted it to you on level 3 of the Lair of Beasts)
 12490 | Lair:3   | Received a gift from Okawaru
 12501 | Lair:3   | Reached XP level 14. HP: 68/81 MP: 18/18
 13123 | Lair:4   | Found a hole to the Spider Nest.
 13206 | Lair:4   | Reached skill level 13 in Fighting
 13491 | Lair:4   | Noticed Sonja
 13506 | Lair:4   | Killed Sonja
 14683 | Lair:5   | Reached skill level 14 in Fighting
 14998 | Lair:6   | Entered Level 6 of the Lair of Beasts
 15014 | Lair:6   | Found a staircase to the Slime Pits.
 15185 | Lair:6   | Reached skill level 10 in Shields
 15556 | Lair:6   | Received a gift from Okawaru
 15618 | Lair:6   | Cast into level 1 of the Abyss (spriggan)
 15748 | Abyss:1  | Noticed a tentacled starspawn
 15768 | Abyss:1  | Killed a tentacled starspawn
 15909 | Lair:6   | Escaped the Abyss
 16220 | Lair:6   | Reached skill level 10 in Armour
 16220 | Lair:6   | Reached XP level 15. HP: 84/88 MP: 19/19
 16228 | Lair:6   | Found a corrupted altar of Lugonu.
 16228 | Lair:6   | Found a one-way gate to the infinite horrors of the Abyss.
 16842 | Orc:1    | Entered Level 1 of the Orcish Mines
 17262 | Orc:1    | Identified the amulet of the Sparrow {Faith Will+ Slay+2}
 17420 | Orc:2    | Entered Level 2 of the Orcish Mines
 17768 | Orc:2    | Noticed an orc warlord
 17801 | Orc:2    | Killed an orc warlord
 17877 | Orc:2    | Found Weidomm's Antique Armour Shoppe.
 17879 | Orc:2    | Found Cioh's Antique Weapon Emporium.
 17971 | Orc:2    | Found a staircase to the Elven Halls.
 18088 | Orc:2    | Found Napn's Antique Armour Shoppe.
 18370 | Orc:2    | Found Veog's Book Shoppe.
 18888 | Spider:1 | Entered Level 1 of the Spider Nest
 18924 | Spider:1 | Received a gift from Okawaru
 19357 | Lair:4   | HP: 3/88 [tarantella (8)]
 19358 | Lair:4   | Slain by a culicivora

Illustrated notes

Levels and vault maps discovered:
D:1:      nicolae_arrival_memento_mori, layout_loops_ring, minmay_surrounded
D:2:      cheibrodos_fertilizer, layout_loops_corners, uniq_robin, uniq_terence
D:3:      layout_loops_ring, hellmonk_ecumenical_altar_lost_god,
          glass_columns_a, kennysheep_generic_room_14, uniq_crazy_yiuf_cottage,
          uniq_natasha, uniq_grinder
D:4:      layout_rooms, mainiacjoe_overflow_surrounded_room,
          lemuel_coloured_pillars_altar, minmay_temple_entry_mini_moons,
          minmay_gold_behind_fungi, uniq_menkaure
D:5:      minmay_opposing_rooms, layout_loops_ring, general_overflow_altar,
          chequers_temple_overflow_statue_of_worship, abandoned_shop,
          minmay_tree_intersection, minmay_shop_mayhem
D:6:      layout_basic, slow_altar_2, nicolae_shop_overcharged_wands,
          uniq_edmund
D:7:      layout_gridville, mainiacjoe_overflow_catwalk, serial_shops,
          kennysheep_mini_moat, uniq_pikel, uniq_harold, uniq_duvessa
D:8:      minmay_blocky_corners, layout_cave_pools,
          mainiacjoe_overflow_divided_tiny
D:9:      minmay_the_grid_net [minmay_the_grid_mess, minmay_the_grid_fan,
          minmay_the_grid_small_cups, minmay_the_grid_embedded,
          minmay_the_grid_odd_star, minmay_the_grid_prize_inner_circle],
          layout_basic, mainiacjoe_overflow_brackets, david_lair_generic
D:10:     layout_roguey, serial_shops, nicolae_take_the_stairs,
          nicolae_stop_n_shop_1, grunt_livestock, nrook_loot_triangle,
          kennysheep_crisscross
D:11:     layout_basic, erik_orc_4
D:12:     layout_small_grid, serial_shops, shop_fountains
Temple:   nicolae_temple_hex_pool
Lair:1:   layout_layer_cave, lemuel_fruit_tree
Lair:2:   layout_small_grid, minmay_swamp_entry_reptiles, grunt_megastairs_4
Lair:3:   layout_roguey, serial_bayou_shore_b, uniq_rupert
Lair:4:   layout_loops_ring, nicolae_spider_entry_orb_guardian,
          forest_entry_grove, uniq_sonja
Lair:5:   layout_layer_cave, minivault_25
Lair:6:   hellmonk_lair_end_abyssal_woods, layout_cellular_growth,
          nicolae_slime_entry_slimehenge, infiniplex_staircase_pool
Spider:1: layout_spider_delve, nicolae_spider_shape
Orc:1:    hellmonk_paralyzer, layout_caves, basic_altar, nicolae_orc_damp_corner
Orc:2:    grunt_orc_community_town_hall, layout_diamond_mine,
          grunt_orc_community_big_house_1, grunt_orc_community_big_house_2,
          grunt_orc_community_house_1, grunt_orc_community_house_3,
          grunt_orc_community_house_3, grunt_orc_community_house_1,
          grunt_orc_community_house_2

Skill      XL: |  1  2  3  4  5  6  7  8  9 10 11 12 13 14 15 |
---------------+----------------------------------------------+-----
Long Blades    | 2 3 4 5 6 7 |  7.0
Fighting       | 5 7 8 10 12 14 | 14.3
Invocations    | 1 5 |  5.0
Shields        | 5 8 9 10 | 10.0
Armour         | 5 8 10 | 10.0
Maces & Flails | 6 10 11 13 | 13.3

Action                   |  1- 3 |  4- 6 |  7- 9 | 10-12 | 13-15 || total
-------------------------+-------+-------+-------+-------+-------++-------
Melee: Long sword        |    37 |       |   282 |    79 |       ||   398
       Bite              |    10 |    18 |    98 |   200 |   367 ||   693
       Short sword       |    15 |    99 |    42 |       |       ||   156
       Mace              |       |       |       |   520 |   227 ||   747
       Scimitar          |       |       |       |     3 |    30 ||    33
       Eveningstar       |       |       |       |       |   820 ||   820
Invok: Heroism           |       |       |       |     6 |     7 ||    13
       Finesse           |       |       |       |     1 |     1 ||     2
  Use: Scroll            |       |     3 |     2 |     4 |     4 ||    13
       Potion            |       |       |     2 |       |     1 ||     3
 Stab: Invisible         |       |       |       |       |     1 ||     1
       Paralysed         |       |       |       |       |     1 ||     1
Armor: Scale mail        |    16 |       |       |   200 |   530 ||   746
       Chain mail        |       |    44 |   184 |   214 |       ||   442
Dodge: Dodged            |    21 |    27 |    95 |   256 |   597 ||   996
Block: Buckler           |    10 |    12 |    71 |   102 |       ||   195
       Kite shield       |       |       |       |   175 |   743 ||   918
